Map: Port Aleksander LE

Players

NetMech

  • Race: Terran Terran
  • Spawn Location: 5:00

ALLMIGHT - Winner!

  • Race: Zerg Zerg
  • League: Grandmaster
  • Spawn Location: 11:00

VOD

Have the link to the VOD?

Description

https://www.twitch.tv/neuro

Time

  • Played on: Feb. 21, 2019, 4:31 p.m.
  • Length: 12:43
Show
View Real Time Build Order
Export as new Build Order

NetMech Terran 

Build Orders: Reaper Expand, Mech 

Get SALT Encoding   

  12  0:01  SCV  
  13  0:13  SCV  
  14  0:18  Supply Depot  
  14  0:25  SCV  
  15  0:39  SCV  
  15  0:40  Barracks  
  16  0:45  Refinery  
  16  0:51  SCV  
  17  1:04  SCV  
  18  1:16  SCV  
  19  1:28  Reaper, Orbital Command  
  20  1:43  Command Center  
  20  1:54  SCV  
  21  1:57  Supply Depot  
  21  2:04  Marine  
  21  2:06  SCV  
  23  2:13  Factory  
  23  2:19  SCV  
  24  2:28  Barracks Reactor  
  24  2:31  SCV  
  24  2:35  Refinery  
  25  2:43  SCV, Barracks  
  26  2:55  SCV  
  26  2:56  Orbital Command  
  27  3:07  SCV  
  27  3:11  Barracks Tech Lab  
  32  3:12  Hellion  
  32  3:13  Hellion  
  32  3:19  SCV  
  33  3:22  SCV  
  33  3:25  Supply Depot  
  34  3:31  SCV, Stimpack, Marine, Starport  
  34  3:32  Marine  
  37  3:34  SCV  
  38  3:43  SCV  
  38  3:48  SCV  
  40  3:49  Bunker, Marine  
  40  3:53  Marine  
  42  3:55  SCV  
  42  3:56  Hellion x2  
  42  4:00  SCV  
  48  4:05  Armory  
  48  4:08  SCV  
  49  4:12  SCV  
  49  4:14  Supply Depot  
  49  4:15  Medivac  
  52  4:20  SCV  
  53  4:24  SCV  
  53  4:29  Supply Depot  
  54  4:32  SCV  
  54  4:34  Supply Depot, Marine x2  
  54  4:36  SCV  
  58  4:40  Hellion  
  58  4:41  Hellion  
  62  4:46  Medivac  
  62  4:48  SCV  
  65  4:53  SCV  
  65  4:54  Barracks Tech Lab  
  65  4:57  Refinery, Marine  
  67  5:00  SCV  
  67  5:01  Terran Vehicle Weapons Level 1  
  67  5:03  Widow Mine  
  67  5:04  Hellion  
  67  5:05  SCV  
  73  5:12  SCV  
  74  5:14  Marine  
  75  5:23  Marine  
  75  5:25  SCV, Command Center, Liberator  
  75  5:26  Hellion  
  75  5:28  SCV  
  80  5:32  Marine  
  77  5:38  SCV, Hellion  
  77  5:40  SCV, Marine  
  74  5:50  SCV  
  75  6:02  Refinery  
  76  6:04  Command Center  
  73  6:16  SCV  
  73  6:17  Factory  
  73  6:19  Factory  
  73  6:25  SCV  
  74  6:28  Siege Tank  
  74  6:29  SCV, Marine  
  77  6:33  Marine  
  77  6:38  SCV  
  79  6:44  SCV  
  80  6:47  Marine  
  80  6:51  Marine  
  80  6:53  SCV  
  83  6:55  Armory  
  83  6:58  Terran Vehicle And Ship Armor Level 1  
  83  7:01  Siege Tank  
  86  7:08  Orbital Command  
  85  7:14  Marine x2  
  85  7:15  Hellion x2  
  82  7:16  Starport Reactor  
  82  7:17  SCV  
  82  7:19  Factory  
  83  7:31  Marine x2  
  83  7:36  SCV  
  86  7:39  Liberator  
  86  7:42  SCV, Refinery  
  86  7:43  SCV  
  88  7:44  Siege Tank  
  88  7:45  Siege Tank, Hellion x2  
  88  7:47  Refinery  
  88  7:49  Marine x2  
  100  7:52  Orbital Command  
  100  7:57  SCV  
  87  8:07  Marine x2  
  87  8:09  Hellion x3  
  92  8:16  SCV, Cyclone  
  92  8:18  SCV x2  
  98  8:23  Siege Tank  
  98  8:25  Marine x2  
  103  8:28  SCV  
  103  8:30  SCV  
  105  8:35  SCV  
  105  8:41  SCV  
  107  8:42  Refinery  
  107  8:43  SCV, Marine x2  
  107  8:45  Engineering Bay, Refinery  
  107  8:47  Hellion x2  
  114  8:53  Refinery  
  114  8:54  Refinery  
  114  8:55  Supply Depot x3, Siege Tank  
  117  8:59  Hellion, Siege Tank  
  117  9:00  Marine  
  117  9:01  Marine  
  124  9:03  Terran Vehicle And Ship Armor Level 2  
  124  9:12  Missile Turret  
  124  9:13  Missile Turret  
  124  9:15  SCV x3  
  124  9:16  Missile Turret, Hellion x2  
  128  9:23  Missile Turret  
  128  9:24  Missile Turret, Marine x2  
  123  9:27  Cyclone  
  123  9:30  Missile Turret  
  117  9:31  Cyclone  
  117  9:38  SCV x3  
  118  9:42  Marine  
  115  9:50  SCV x3  
  115  9:51  Missile Turret  
  120  10:02  SCV x3  
  126  10:11  Hellion x2  
  133  10:14  SCV x2  
  133  10:18  Factory Tech Lab  
  133  10:19  Thor  
  133  10:20  Thor  
  138  10:26  SCV  
  139  10:30  Orbital Command  
  139  10:32  SCV x2  
  141  10:38  SCV, Cyclone  
  138  10:44  SCV, Widow Mine  
  138  10:47  Widow Mine  
  143  10:51  Supply Depot  
  131  11:00  SCV  
  131  11:02  Cyclone  
  131  11:03  Cyclone  
  124  11:08  Liberator  
  124  11:09  Hellion  
  124  11:11  Hellion  
  114  11:13  SCV  
  114  11:14  SCV x2  
  114  11:18  SCV  
  115  11:23  Marine  
  115  11:24  Marine  
  111  11:26  SCV x2  
  111  11:30  Hellion  
  111  11:32  Hellion  
  118  11:35  Widow Mine x2  
  118  11:38  SCV x2  
  118  11:39  SCV  
  112  11:41  Marine x2  
  112  11:42  Missile Turret  
  114  11:49  SCV  
  114  11:50  SCV  
  114  11:51  SCV  
  114  11:52  SCV  
  114  11:53  Cyclone  
  121  11:56  Cyclone  
  121  11:59  Marine  
  121  12:01  Cyclone  
  124  12:04  Supply Depot  
  124  12:07  Supply Depot  
  122  12:23  Missile Turret  
  122  12:29  SCV  
Show
View Real Time Build Order
Export as new Build Order

ALLMIGHT Zerg - Winner!

Build Orders: Hatch First, Muta Ling Bane 

Get SALT Encoding   

  12  0:01  Drone  
  13  0:12  Overlord  
  13  0:18  Drone  
  14  0:32  Drone x2  
  16  0:38  Drone  
  17  0:53  Hatchery  
  17  0:56  Drone  
  17  0:59  Drone  
  18  1:10  Extractor  
  17  1:15  Spawning Pool  
  17  1:18  Drone  
  17  1:21  Drone  
  18  1:30  Drone  
  19  1:41  Overlord  
  19  1:51  Drone  
  20  2:03  Queen  
  20  2:05  Queen  
  20  2:06  Zergling x4  
  26  2:12  Metabolic Boost  
  26  2:17  Drone x2  
  28  2:23  Drone  
  28  2:27  Drone  
  30  2:40  Hatchery  
  30  2:43  Drone  
  30  2:46  Overlord  
  30  2:50  Drone  
  31  2:52  Drone  
  31  2:56  Drone  
  33  3:01  Drone  
  34  3:09  Drone  
  34  3:10  Drone  
  36  3:13  Drone x5  
  36  3:18  Overlord  
  41  3:23  Drone x2  
  43  3:32  Overlord  
  43  3:36  Queen  
  43  3:37  Overlord  
  45  3:49  Baneling Nest, Overlord  
  45  3:51  Drone x3  
  45  3:52  Drone  
  45  3:53  Queen  
  45  3:54  Drone  
  51  4:01  Zergling x2  
  52  4:03  Queen  
  52  4:07  Zergling x2  
  55  4:10  Zergling x4  
  57  4:19  Overlord  
  57  4:20  Drone x5  
  57  4:24  Lair  
  62  4:29  Drone x3  
  65  4:38  Spore Crawler  
  64  4:39  Spore Crawler  
  64  4:40  Drone  
  64  4:41  Drone x2, Spore Crawler  
  64  4:45  Drone  
  66  4:47  Drone  
  66  4:51  Baneling  
  66  4:52  Baneling x2  
  67  4:53  Drone x4  
  67  4:56  Drone  
  67  4:58  Extractor  
  71  5:03  Overlord x2  
  71  5:04  Drone x2  
  73  5:07  Extractor  
  72  5:18  Baneling x4  
  72  5:20  Overlord x2  
  72  5:22  Queen x2  
  72  5:24  Zergling x8  
  72  5:25  Hatchery  
  72  5:27  Baneling x2  
  72  5:28  Zergling x4  
  75  5:42  Zergling x14  
  79  5:43  Queen  
  79  5:47  Zergling x2  
  79  5:53  Drone x7  
  85  5:58  Queen  
  85  5:59  Overseer  
  85  6:01  Extractor  
  85  6:02  Extractor  
  85  6:04  Drone x3  
  85  6:06  Centrifical Hooks  
  85  6:09  Drone  
  89  6:14  Drone  
  89  6:15  Extractor  
  89  6:17  Drone  
  89  6:18  Evolution Chamber  
  89  6:19  Drone  
  89  6:21  Evolution Chamber  
  86  6:36  Drone x7  
  86  6:37  Drone x2  
  95  6:47  Overlord x2  
  95  6:49  Zerg Ground Armor Level 1, Zerg Melee Weapons Level 1  
  95  6:52  Spire, Zergling x2  
  95  6:53  Zergling x16  
  103  6:57  Hatchery  
  102  7:21  Overlord  
  102  7:22  Overlord x2, Zergling x2  
  103  7:23  Zergling x24  
  115  7:31  Overlord x4  
  115  7:35  Pneumatized Carapace  
  115  7:36  Overseer  
  115  7:45  Drone x11  
  117  7:52  Zergling x8  
  111  8:00  Zergling x12  
  115  8:08  Zerg Flyer Weapons Level 1  
  115  8:11  Drone x2  
  113  8:22  Baneling x5  
  113  8:23  Zergling x16  
  121  8:27  Spine Crawler  
  121  8:30  Queen  
  122  8:35  Zergling x4  
  122  8:37  Mutalisk  
  122  8:38  Mutalisk x3  
  122  8:39  Extractor, Spore Crawler, Mutalisk x2  
  122  8:40  Mutalisk x6  
  146  8:42  Mutalisk x3  
  146  8:44  Extractor  
  151  8:54  Zergling x16  
  159  9:01  Mutalisk x2  
  163  9:07  Zergling x10  
  166  9:24  Hatchery  
  149  9:33  Mutalisk x7  
  149  9:38  Mutalisk  
  159  9:42  Zergling x2  
  159  9:43  Zergling x30  
  177  9:45  Zergling x2  
  177  9:48  Zerg Melee Weapons Level 2  
  178  9:59  Overlord x2  
  178  10:00  Zerg Ground Armor Level 2  
  178  10:04  Baneling x2  
  178  10:05  Infestation Pit  
  177  10:08  Zergling x24  
  177  10:10  Baneling  
  177  10:11  Baneling x5  
  189  10:18  Baneling x9  
  189  10:20  Zergling x20  
  189  10:21  Zergling x2  
  200  10:23  Baneling x4  
  200  10:41  Zergling x8  
  194  10:55  Zergling x34  
  184  11:08  Mutalisk x8  
  184  11:15  Baneling x2  
  184  11:16  Hive  
  175  11:19  Zergling x12  
  169  11:33  Mutalisk x5  
  178  11:40  Zergling x18  
  178  11:45  Baneling x11  
  178  11:46  Zergling x6  
  178  11:47  Zergling x14  
  196  11:49  Baneling x2  
  196  11:50  Baneling x2  
  196  12:05  Zergling x18  
  198  12:09  Baneling  
  198  12:10  Baneling x10  
  192  12:25  Zergling x28  
Tags
 
Add a new tag
Caveats
  • Supply blocks, unpowered buildings, or Contaminate may cause inaccurate times.
  • Supply counts are checked every 10 seconds.